 Dungeon Crawl Stone Soup version 0.31-a0-233-g139696dc86 (webtiles) character file.

Game seed: 3358233793942331508

800 qw the Skirmisher (level 7, -3/60 HPs)
             Began as a Minotaur Hexslinger on July 7, 2023.
             Slain by a yak (5 damage)
             ... on level 5 of the Dungeon.
             The game lasted 00:01:44 (4393 turns).

qw the Skirmisher (Minotaur Hexslinger)             Turns: 4393, Time: 00:01:45

Health: -3/60      AC: 10    Str: 13    XL:     7   Next: 59%
Magic:  7/7        EV: 11    Int: 10    God:
Gold:   174        SH:  0    Dex: 14    Spells: 7/8 levels left

rFire   . . .        Y - +1 sling
rCold   . . .        (no shield)
rNeg    . . .        c - +0 ring mail
rPois   .            (helmet restricted)
rElec   .            h - +0 cloak
rCorr   .            (no gloves)
SInv    .            e - +2 pair of boots
Will    .....        (no amulet)
Stlth   +            (no ring)
HPRegen 0.30/turn    (no ring)
MPRegen 0.10/turn

%: no passive effects
@: lethally poisoned (-3 -> -5)
A: horns 2, retaliatory headbutt
a: no special abilities


You were on level 5 of the Dungeon.
You visited 1 branch of the dungeon, and saw 5 of its levels.

You collected 174 gold pieces.


Innate Abilities, Weirdness & Mutations

You have a pair of horns on your head.
You reflexively headbutt those who attack you in melee.


   Skills:
 + Level 4.6 Fighting
 - Level 8.0 Ranged Weapons
 - Level 3.2 Armour
 - Level 2.1 Dodging
 - Level 1.0 Spellcasting
 - Level 2.0 Hexes


You had 7 spell levels left.
You knew the following spells:

 Your Spells              Type           Power      Damage    Failure   Level
a - Slow                  Hex            16%        N/A       30%         1

Your spell library contained the following spells:

 Spells                   Type           Power      Damage    Failure   Level
 Inner Flame              Hex/Fire       2%         N/A       80%         3
 Portal Projectile        Hex/Tloc       4%         N/A       80%         3
 Cause Fear               Hex            2%         N/A       97%         4

Inventory:

Hand Weapons
 Y - a +1 sling (weapon)
Armour
 c - a +0 ring mail (worn)
 e - a +2 pair of boots (worn)
 h - a +0 cloak (worn)
Scrolls
 i - 2 scrolls of identify
Potions
 a - a potion of might
 j - a potion of curing
 l - 4 potions of resistance
 m - a potion of lignification {unknown}

Dungeon Overview and Level Annotations

Branches:
Dungeon (5/15)
 Temple: D:4-7

Altars:
Kikubaaqudgha
Trog

Shops:
D:1 *

Annotations:
D:4 1 runed translucent door, qw's ghost, amateur GrHs


Message History

You shoot a sling bullet. The sling bullet hits the scorpion.
The scorpion is almost dead.
A giant cockroach comes into view.
The scorpion stings you.
You are poisoned.
The scorpion poisons you! The yak gores you but does no damage.
The yak gores you.
A giant cockroach comes into view.
The scorpion barely misses you.
You shoot a sling bullet. The sling bullet hits the scorpion.
You kill the scorpion!
You feel very sick. The yak barely misses you. You furiously retaliate!
You headbutt the yak! The yak barely misses you.
You shoot a sling bullet.
The sling bullet closely misses the yak.
You feel very sick. The yak gores you. The yak gores you but does no damage.
You shoot a sling bullet. The sling bullet hits the yak.
The yak is moderately wounded.
You feel sick. The yak closely misses you.
The yak gores you but does no damage.
You shoot a sling bullet.
The sling bullet hits the yak but does no damage.
The yak is moderately wounded.
You feel sick.
The yak gores you. x2; The yak gores you but does no damage.
The yak closely misses you. You furiously retaliate!
You headbutt the yak! You shoot a sling bullet. The sling bullet hits the yak.
The yak is moderately wounded.
You feel sick. The yak closely misses you. The yak gores you.
The yak gores you but does no damage.
You shoot a sling bullet. The sling bullet hits the yak.
The yak is moderately wounded.
You feel sick. The yak barely misses you. You furiously retaliate!
You headbutt the yak. The yak gores you. The yak gores you!
The yak gores you but does no damage. The yak gores you. x2
The yak barely misses you. You furiously retaliate!
You headbutt the yak. You shoot a sling bullet. The sling bullet hits the yak.
The yak is moderately wounded.
You feel sick. The yak barely misses you. The yak gores you! The yak gores you.
You die...

..#......##.....# #.#
..###'#####)....###.#######
.........##........_......#
.........######...........#
.........# #...........#
.........# #...........#
########## #...........#
#..Y........# #.@YB.......#
#YYY........# #.BB......
#####.#### ... ... #.. ~~


You could see 5 yaks and 3 giant cockroaches.

Vanquished Creatures
  An ogre (D:4)
  2 necrophages (D:4)
  2 scorpions
  A wight (D:4)
  A human zombie (D:4)
  4 orc priests
  3 iguanas
  An orc wizard (D:3)
  4 mummies (D:4)
  A gnoll (D:1)
  3 adders
  3 adder zombies (D:4)
  A dart slug (D:1)
  8 orcs
  4 ball pythons
  5 bats
  4 endoplasms
  3 giant cockroaches
  12 goblins
  6 hobgoblins
  6 quokkas
  6 frilled lizards
  9 kobolds
  A quokka zombie (D:4)
  6 rats
97 creatures vanquished.

Notes
Turn   | Place    | Note
-------+----------+-------------------------------------------
     0 | D:1      | qw the Minotaur Hexslinger began the quest for the Orb.
     0 | D:1      | Reached XP level 1. HP: 16/16 MP: 1/1
     0 | D:1      | 0 ||| qw: Version: 0.3-a-46-gb1f654a
     0 | D:1      | 0 ||| qw: Game counter: 3049
     0 | D:1      | 0 ||| qw: Melee chars always use a shield: true
     0 | D:1      | 0 ||| qw: God list: Okawaru
     0 | D:1      | 0 ||| qw: Allow faded altars: false
     0 | D:1      | 0 ||| qw: Do Orc after clearing Dungeon:15 true
     0 | D:1      | 0 ||| qw: Do second Lair branch before Depths: true
     0 | D:1      | 0 ||| qw: Lair rune preference: random
     0 | D:1      | 0 ||| qw: Goals: Normal
     0 | D:1      | 0 ||| PLANNING D:1-11
    56 | D:1      | HP: 4/16 [frozen (3)]
   120 | D:1      | Reached skill level 3 in Ranged Weapons
   120 | D:1      | Reached XP level 2. HP: 23/23 MP: 2/2
   313 | D:1      | Found Ebreni's General Store.
   340 | D:1      | 340 ||| SHOPLISTING +0 ring mail (44 gold, have 14).
   340 | D:1      | 340 ||| SHOPLISTING 2 potions of curing (66 gold, have 14).
   360 | D:1      | Reached XP level 3. HP: 29/29 MP: 3/3
   564 | D:1      | 564 ||| UPGRADING to +0 cloak.
   569 | D:1      | 569 ||| READING scroll labelled OPSYED AS DIQ.
   570 | D:1      | 570 ||| READING scroll labelled DONAAG GEOMUASK.
   571 | D:1      | 571 ||| READING scroll labelled UCHUPE QU EPE.
   572 | D:1      | 572 ||| READING 3 scrolls labelled KORHIOCKAADO.
   573 | D:1      | 573 ||| READING 2 scrolls of identify.
   573 | D:1      | 573 ||| IDENTIFYING purple potion
   574 | D:1      | 574 ||| DROPPING scroll of poison.
   575 | D:1      | 575 ||| DROPPING potion of magic.
   731 | D:2      | Reached skill level 4 in Ranged Weapons
  1221 | D:2      | Reached XP level 4. HP: 36/36 MP: 4/4
  1244 | D:2      | Found a faded altar of an unknown god.
  1330 | D:2      | 1330 ||| UPGRADING to +0 leather armour.
  1340 | D:2      | 1340 ||| DROPPING +0 robe.
  1341 | D:2      | 1341 ||| UPGRADING to +2 pair of boots.
  1346 | D:2      | 1346 ||| READING scroll labelled HOWOLUECKO.
  1412 | D:2      | 1412 ||| READING scroll labelled QUSESA CUMO.
  1413 | D:2      | 1413 ||| DRINKING 2 smoky black potions.
  1414 | D:2      | 1414 ||| READING 2 scrolls of identify.
  1414 | D:2      | 1414 ||| IDENTIFYING brown potion
  1591 | D:3      | 1591 ||| FLEEEEING.
  1592 | D:3      | 1592 ||| FLEEEEING.
  1593 | D:3      | 1593 ||| FLEEEEING.
  1594 | D:3      | 1594 ||| FLEEEEING.
  1595 | D:3      | 1595 ||| FLEEEEING.
  1599 | D:3      | 1599 ||| FLEEEEING.
  1600 | D:3      | 1600 ||| FLEEEEING.
  1601 | D:3      | 1601 ||| FLEEEEING.
  1602 | D:3      | 1602 ||| FLEEEEING.
  1607 | D:3      | 1607 ||| FLEEEEING.
  1608 | D:3      | 1608 ||| FLEEEEING.
  1609 | D:3      | 1609 ||| FLEEEEING.
  1610 | D:3      | 1610 ||| FLEEEEING.
  1611 | D:3      | 1611 ||| FLEEEEING.
  1612 | D:3      | 1612 ||| FLEEEEING.
  1617 | D:3      | 1617 ||| FLEEEEING.
  1618 | D:3      | 1618 ||| FLEEEEING.
  1627 | D:3      | 1627 ||| STAIRDANCE
  1642 | D:3      | 1642 ||| STAIRDANCE
  1706 | D:3      | Reached skill level 5 in Ranged Weapons
  1803 | D:3      | 1803 ||| FLEEEEING.
  1804 | D:3      | 1804 ||| FLEEEEING.
  1805 | D:3      | 1805 ||| FLEEEEING.
  1806 | D:3      | 1806 ||| FLEEEEING.
  1807 | D:3      | 1807 ||| FLEEEEING.
  1808 | D:3      | 1808 ||| FLEEEEING.
  1818 | D:3      | 1818 ||| STAIRDANCE
  1835 | D:2      | 1835 ||| READING scroll labelled ZAOKLU FUZXIEG.
  1846 | D:3      | Reached XP level 5. HP: 44/44 MP: 5/5
  2076 | D:3      | Reached skill level 3 in Fighting
  2361 | D:3      | 2361 ||| UPGRADING to +0 ring mail.
  2371 | D:3      | 2371 ||| DROPPING +0 leather armour.
  2393 | D:4      | Found a runed translucent door.
  2394 | D:4      | 2394 ||| PLANNING OSSUARY
  2433 | D:4      | Noticed an ogre
  2440 | D:4      | Killed an ogre
  2441 | D:4      | Reached skill level 3 in Armour
  2662 | D:4      | Reached XP level 6. HP: 17/51 MP: 6/6
  2811 | D:4      | Reached skill level 6 in Ranged Weapons
  2869 | D:4      | HP: 12/51 [wight/+2 dire flail (11)]
  2871 | D:4      | HP: 5/49 [wight/+2 dire flail (7)]
  3009 | D:4      | 3009 ||| RIP OSSUARY
  3034 | D:4      | 3034 ||| PLANNING D:1-11
  3226 | D:4      | Found an ancient bone altar of Kikubaaqudgha.
  3325 | D:4      | Reached XP level 7. HP: 48/59 MP: 7/7
  3380 | D:4      | Reached skill level 7 in Ranged Weapons
  4035 | D:4      | Noticed qw's ghost (amateur GrHs)
  4040 | D:4      | 4040 ||| READING 3 scrolls of identify.
  4040 | D:4      | 4040 ||| IDENTIFYING cyan potion
  4041 | D:4      | 4041 ||| READING 2 scrolls of identify.
  4041 | D:4      | 4041 ||| IDENTIFYING blue potion
  4042 | D:4      | 4042 ||| DROPPING potion of attraction.
  4052 | D:5      | Entered Level 5 of the Dungeon
  4053 | D:5      | 4053 ||| PLANNING SEWER
  4084 | D:5      | 4084 ||| Stepping ~*~*~tactically~*~*~ (outnumbered).
  4097 | D:5      | Reached skill level 8 in Ranged Weapons
  4097 | D:5      | 4097 ||| FLEEEEING.
  4098 | D:5      | 4098 ||| FLEEEEING.
  4099 | D:5      | 4099 ||| FLEEEEING.
  4100 | D:5      | 4100 ||| FLEEEEING.
  4101 | D:5      | 4101 ||| FLEEEEING.
  4102 | D:5      | 4102 ||| FLEEEEING.
  4103 | D:5      | 4103 ||| FLEEEEING.
  4104 | D:5      | 4104 ||| STAIRDANCE
  4358 | D:5      | Found a bloodstained altar of Trog.
  4378 | D:5      | Noticed a yak
  4380 | D:5      | Noticed a yak
  4381 | D:5      | Noticed a yak
  4382 | D:5      | Noticed a yak
  4384 | D:5      | Noticed a yak
  4392 | D:5      | HP: 15/60 [yak (6)]
  4393 | D:5      | HP: 2/60 [yak (12)]
  4393 | D:5      | Slain by a yak

Levels and vault maps discovered:
D:1:      sevenhm_arrival_forest_fort_small_3, layout_basic, serial_shops, shop,
          nicolae_figureground_pulse
D:2:      layout_loops_cross, shapermc_ecumenical_altar_ellora
D:3:      layout_basic
D:4:      layout_basic, lemuel_mausoleum_altar_kikubaaqudgha,
          ebering_ghost_sewer_d, nicolae_ossuary_entry_plus,
          serial_park_tiny_pond
D:5:      layout_basic, overflow_temple_1_default, temple_statues,
          portal_sewer_entry_f, nrook_pool_corridor

Skill      XL: |  1  2  3  4  5  6  7 |
---------------+----------------------+-----
Ranged Weapons | 3 4 5 6 8 |  8.0
Fighting       | 2 3 4 |  4.6
Armour         | 3 |  3.2
Dodging        | |  2.1
Spellcasting   | |  1.0
Hexes          | |  2.0

Action                     |  1- 3 |  4- 6 |  7- 9 || total
---------------------------+-------+-------+-------++-------
   Fire: Sling             |   103 |   229 |    65 ||   397
    Use: Scroll            |     5 |     4 |     2 ||    11
         Potion            |       |     1 |       ||     1
 Armour: Robe              |     5 |       |       ||     5
         Leather armour    |       |     8 |       ||     8
         Ring mail         |       |    36 |    19 ||    55
  Dodge: Dodged            |    21 |    73 |    34 ||   128

Table legend:
 A = Non-vault XP
 B = Vault XP
 C = Vault XP percentage of total XP
 D = Non-vault monster count
 E = Vault monster count
 F = Vault count percentage of total count
                 A         B        C        D         E       F
            +---------+---------+-------+---------+---------+-------
      Total |     767 |     376 |  32.9 |      84 |      13 |  13.4
            +---------+---------+-------+---------+---------+-------
        D:1 |      46 |       0 |   0.0 |      21 |       0 |   0.0
        D:2 |      57 |       0 |   0.0 |      19 |       0 |   0.0
        D:3 |     119 |       0 |   0.0 |      25 |       0 |   0.0
        D:4 |     291 |     374 |  56.2 |      12 |      12 |  50.0
        D:5 |     254 |       2 |   0.8 |       7 |       1 |  12.5
            +---------+---------+-------+---------+---------+-------
